 Dungeon Crawl Stone Soup version 0.28-a0-691-gad6df49e81 (webtiles) character file.

Game seed: 7113065319685791420

88 Gwenloh the Ducker (level 4, -2/22 HPs)
             Began as a Felid Chaos Knight on Oct 20, 2021.
             Was a Plaything of Xom.
             Slain by a sky beast (6 damage)
             ... on level 3 of the Dungeon.
             The game lasted 00:05:41 (3264 turns).

Gwenloh the Ducker (Felid Chaos Knight)             Turns: 3264, Time: 00:05:43

Health: -2/22      AC:  1    Str:  8    XL:     4   Next: 29%
Magic:  5/5        EV: 19    Int: 13    God:    Xom [..*...]
Gold:   110        SH:  0    Dex: 16    Spells: 3/3 levels left
                                        Lives:  0   Deaths: 1

rFire   . . .      SeeInvis +     - Unarmed
rCold   . . .      Faith    .   (shield unavailable)
rNeg    . . .      Spirit   .   (armour unavailable)
rPois   .          Reflect  .   (helmet unavailable)
rElec   .          Harm     .   (cloak unavailable)
rCorr   .          Rampage  .   (gloves unavailable)
Will    .....                   (boots unavailable)
Stlth   ++........              (no amulet)
HPRegen 0.07/turn               (no ring)
MPRegen 0.09/turn               (no ring)

@: quick
A: very small, claws 1, fangs 3, see invisible, speed 1, shaggy fur 1, stealthy
paws, no weapons or thrown items, no armour, multi-lived
a: Renounce Religion


You were on level 3 of the Dungeon.
You worshipped Xom.
You were a toy of Xom.
You visited 1 branch of the dungeon, and saw 3 of its levels.

You collected 110 gold pieces.

Inventory:

Scrolls
 a - 3 scrolls of immolation {unknown}
 b - a scroll of enchant weapon {unknown}
 d - a scroll of fog {unknown}
 f - a scroll of magic mapping {unknown}
 h - a scroll of summoning {unknown}
 i - a scroll of identify {unknown}
Potions
 c - a potion of berserk rage {unknown}
 e - a potion of heal wounds {unknown}
 g - a potion of attraction {unknown}


   Skills:
 + Level 3.8 Fighting
 + Level 4.4 Dodging
 + Level 3.1 Stealth
 + Level 3.8 Unarmed Combat


You had 3 spell levels left.
You didn't know any spells.
Your spell library contained the following spells:

 Spells                   Type           Power      Damage    Failure   Level
 Magic Dart               Conj           0%         1d3       30%         1
 Call Imp                 Summ           0%         N/A       43%         2
 Scorch                   Fire           0%         2d5       43%         2
 Conjure Flame            Conj/Fire      0%         6-21      67%         3
 Ignite Poison            Fire/Tmut/Pois 0%         N/A       67%         3
 Mephitic Cloud           Conj/Pois/Air  0%         N/A       67%         3
 Flame Wave               Conj/Fire      0%         3d3       97%         4
 Sticky Flame             Conj/Fire      0%         2d3       97%         4
 Summon Cactus Giant      Summ           0%         N/A       100%        6


Dungeon Overview and Level Annotations

Branches:
Dungeon (3/15)

Altars:

Annotations:
D:2 Natasha


Innate Abilities, Weirdness & Mutations

You have sharp claws.
You have razor-sharp teeth.
You have supernaturally acute eyesight. (SInv)
You cover ground quickly. (Speed+)
You are covered in fur. (AC +1)
Your paws help you pounce on unaware monsters.
You are incapable of wielding weapons or throwing items.
You cannot wear armour.
You gain extra lives every three experience levels.


Message History

There is an open door here.
A sky beast comes into view.
The sky beast moves out of view.
Found a stone staircase leading down.
A goblin comes into view. It is wielding a +0 dagger.
The goblin shouts!
An endoplasm comes into view.
The sky beast completely misses you.
You closely miss the sky beast. Xom's power flows through you!
You attempt to intoxicate your foes!
You scratch the sky beast.
The sky beast is lightly wounded.
The sky beast hits you. The sky beast shocks you.
You miss the sky beast.
The sky beast is lightly wounded.
The sky beast completely misses you.
You closely miss the sky beast.
The endoplasm quivers.
You bite the sky beast.
The sky beast is lightly wounded.
The sky beast barely misses you.
You closely miss the sky beast.
The sky beast is lightly wounded.
The sky beast hits you. The sky beast shocks you.
You scratch the sky beast.
The sky beast is moderately wounded.
The sky beast flickers out of sight for a moment.
The sky beast misses you.
The endoplasm jiggles.
You scratch the sky beast.
The sky beast is moderately wounded.
The sky beast closely misses you.
You scratch the sky beast.
The sky beast is heavily wounded.
The sky beast hits you.
* * * LOW HITPOINT WARNING * * *
The sky beast shocks you.
You die...
Xom cackles wildly!

#.........#..†......
#.........'.........
#.........#.........
###....#####.......#
#....# ##.....##
#....# ##...##
#.#### ##+## #.# #@#
###Y### #..gJ.#####
#....>.....
#.........J
#......###. #......#
######.# .#


You could see a sky beast (invisible), an endoplasm and a goblin.

Vanquished Creatures
  Crazy Yiuf (D:2)
  Jessica (D:2)
  Natasha (D:2)
  2 adders (D:2)
  2 endoplasms (D:2)
  4 giant cockroaches (D:2)
  3 goblins (D:1)
  2 hobgoblins (D:2)
  6 jackals (D:2)
  3 kobolds
  3 quokkas
  A ball python (D:3)
  6 bats
35 creatures vanquished.

Vanquished Creatures (others)
  3 fungi (D:2)
3 creatures vanquished.

Grand Total: 38 creatures vanquished

Notes
Turn   | Place    | Note
-------+----------+-------------------------------------------
     0 | D:1      | Gwenloh the Felid Chaos Knight began the quest for the Orb.
     0 | D:1      | Reached XP level 1. HP: 10/10 MP: 2/2
   284 | D:1      | XOM: silly message
   322 | D:1      | XOM: divination: detect items
   591 | D:1      | XOM: silly message
   652 | D:1      | Reached skill level 1 in Stealth
   813 | D:1      | Reached XP level 2. HP: 14/14 MP: 3/3
   989 | D:2      | XOM: divination: detect items
  1246 | D:2      | Noticed Natasha
  1247 | D:2      | XOM: noise
  1259 | D:2      | Xom revived you
  1264 | D:2      | Killed Natasha
  1265 | D:2      | Reached XP level 3. HP: 5/17 MP: 4/4
  1403 | D:2      | XOM: noise
  1548 | D:2      | XOM: silly message
  1716 | D:2      | Noticed Jessica
  1721 | D:2      | Reached skill level 4 in Dodging
  1743 | D:2      | Killed Jessica
  1744 | D:2      | Reached XP level 4. HP: 15/21 MP: 5/5
  1751 | D:2      | XOM is BORED!
  1751 | D:2      | XOM: silly message
  1941 | D:2      | Noticed Natasha
  1948 | D:2      | XOM: smoke on damage
  1949 | D:2      | Slain by Natasha
  1950 | D:2      | Reached XP level 3. HP: 0/17 MP: 4/4
  2117 | D:2      | XOM: silly message
  2123 | D:2      | XOM: silly message
  2809 | D:2      | Found a runed translucent door.
  2810 | D:2      | Noticed Crazy Yiuf
  2814 | D:2      | Xom revived you
  2819 | D:2      | XOM: confuse monster(s)
  2820 | D:2      | XOM: potion effect (magic)
  2822 | D:2      | Killed Crazy Yiuf
  2823 | D:2      | Reached XP level 4. HP: 2/22 MP: 5/5
  3182 | D:3      | XOM is BORED!
  3182 | D:3      | XOM: noise
  3245 | D:3      | Noticed a sky beast
  3257 | D:3      | XOM: cast spell 'Alistair's Intoxication'
  3264 | D:3      | Slain by a sky beast

Illustrated notes

Levels and vault maps discovered:
D:1:      dpeg_arrival_refuge, layout_basic
D:2:      layout_loops_ring, uniq_natasha, uniq_jessica, uniq_crazy_yiuf_cottage
D:3:      layout_loops_corners, hellmonk_ecumenical_altar_watching_god,
          gup_sewer_entry_bowl

Skill      XL: |  1  2  3 |
---------------+----------+-----
Stealth        | 1 2 3 |  3.1
Dodging        | 4 |  4.4
Fighting       | |  3.8
Unarmed Combat | |  3.8

Action                   |  1- 3 |  4- 6 || total
-------------------------+-------+-------++-------
Melee: Unarmed           |   111 |    32 ||   143
       Bite              |     9 |     3 ||    12
 Stab: Sleeping          |     2 |     1 ||     3
       Distracted        |     1 |       ||     1
Armor: Skin              |    13 |       ||    13
Dodge: Dodged            |    67 |    25 ||    92

Table legend: (Time is in decaauts)
 A = Elapsed time spent in this place.
 B = Non-inter-level travel time spent in this place.
 C = Inter-level travel time spent in this place.
 D = Time resting spent in this place.
 E = Time spent auto-exploring this place.
 F = Levels seen in this place.
 G = Mean time per level.
                   A        B        C        D        E       F      G
               +--------+--------+--------+--------+--------+-----+--------+
         Total |   2979 |   2967 |     12 |    340 |   2253 |   3 |  993.0 |
       Dungeon |   2979 |   2967 |     12 |    340 |   2253 |   3 |  993.0 |
               +--------+--------+--------+--------+--------+-----+--------+

Top non-repeatable levels by time:
     D:2: 2082 daAuts
     D:1: 760 daAuts
     D:3: 136 daAuts
